 Dungeon Crawl Stone Soup version 0.29.1-1-gd02db6906a (webtiles) character file.

Game seed: 1983276582240173672

711 RascalDebosk the Magician (level 8, -9/58 HPs)
             Began as a Djinni Air Elementalist on Oct 17, 2022.
             Mangled by Duvessa
             ... wielding a +0 short sword
              (12 damage)
             ... on level 5 of the Dungeon.
             The game lasted 00:18:59 (6485 turns).

RascalDebosk the Magician (Djinni Air Elementalist) Turns: 6485, Time: 00:18:59

Health: -9/58      AC:  4    Str: 12    XL:     8   Next: 0%
Gold:   127        EV: 12    Int: 19    God:
                   SH:  0    Dex: 14

rFire   + + .      SeeInvis .   p - +1 dagger (protect)
rCold   . . .      Faith    .   (no shield)
rNeg    . . .      Spirit   .   k - +1 robe "Mozaphui" {Str+5}
rPois   ∞          Reflect  .   (no helmet)
rElec   .          Harm     .   (no cloak)
rCorr   .          Rampage  .   f - +0 pair of gloves
Will    .....                   (boots unavailable)
Stlth   ++........              (no amulet)
HPRegen 0.19/turn               c - ring of protection from cold
MPRegen 0.00/turn               (no ring)

@: flying
A: sickness immunity, fire resistance 2, cold vulnerability 1, float, innate
caster, HP casting, extra vitality 1
a: no special abilities


You were on level 5 of the Dungeon.
You visited 1 branch of the dungeon, and saw 5 of its levels.

You collected 127 gold pieces.

Inventory:

Hand Weapons
 p - a +1 dagger of protection (weapon)
 r - a +1 scythe of flaming
 s - a +0 dagger
Armour
 a - a +0 robe
 f - a +0 pair of gloves (worn)
 g - a +0 robe
 k - the +1 robe "Mozaphui" (worn) {Str+5}
   (You found it on level 2 of the Dungeon)

   Str:       It affects your strength (+5).
 v - +0 pearl dragon scales
Jewellery
 c - a ring of protection from cold (left hand)
Wands
 u - a wand of roots (6)
Scrolls
 d - a scroll of blinking {unknown}
 e - 2 scrolls of teleportation {unknown}
 h - a scroll of fear {unknown}
 i - 2 scrolls of identify
 j - a scroll of brand weapon {unknown}
 n - a scroll of torment {unknown}
 o - 2 scrolls of amnesia {unknown}
 t - a scroll of poison {unknown}
 w - a scroll of enchant weapon
Potions
 b - a potion of cancellation
 l - 4 potions of curing
 m - 2 potions of resistance
 q - a potion of berserk rage
 x - 2 potions of degeneration {unknown}


   Skills:
 + Level 3.8 Fighting
 + Level 3.8 Armour
 - Level 2.1 Dodging
 - Level 1.5 Stealth
 * Level 5.0 Spellcasting


You had 2 spell levels left.
You knew the following spells:

 Your Spells              Type           Power      Damage    Failure   Level
a - Shock                 Conj/Air       96%        1d9       1%          1
b - Static Discharge      Conj/Air       24%        3-6/arc   2%          2
c - Swiftness             Air            24%        N/A       4%          3
d - Airstrike             Air            12%        2d(2-18)  16%         4
e - Sandblast             Erth           48%        2d12      1%          1
f - Wereblood             Tmut           24%        N/A       2%          2
g - Call Imp              Summ           24%        N/A       2%          2
Your spell library was empty.

Dungeon Overview and Level Annotations

Branches:
Dungeon (5/15)
 Temple: D:4-7

Altars:

Annotations:
D:4 1 runed translucent door, lonewolfV2's ghost, amateur MiFi
D:5 Duvessa


Innate Abilities, Weirdness & Mutations

You are immune to sickness and miasma.
You are immune to poison.
Your flesh is very heat resistant. (rF++)
You are vulnerable to cold. (rC-)
You float through the air rather than walking.
You learn spells naturally, not from books.
Your magical power is your life essence.
You have superior vitality. (+4 MHP)


Message History

The iguana is lightly wounded.
Aiming: Shock (safe; 1% risk of failure)
Press: ? - help, Q - select action, (/) - cycle Shift-Dir - straight line, f/p - iguana
Aim: an iguana (lightly wounded, 77% to hit)
The zap hits the iguana.
The iguana is moderately wounded.
Aiming: Shock (safe; 1% risk of failure)
Press: ? - help, Q - select action, (/) - cycle Shift-Dir - straight line, f/p - iguana
Aim: an iguana (moderately wounded, 77% to hit)
The zap hits the iguana.
The iguana is severely wounded.
Aiming: Shock (safe; 1% risk of failure)
Press: ? - help, Q - select action, (/) - cycle Shift-Dir - straight line, f/p - iguana
Aim: an iguana (severely wounded, 77% to hit)
The zap hits the iguana.
The iguana is almost dead.
Aiming: Shock (safe; 1% risk of failure)
Press: ? - help, Q - select action, (/) - cycle Shift-Dir - straight line, f/p - iguana
Aim: an iguana (almost dead, 77% to hit)
The zap hits the iguana.
You kill the iguana!
Your Spellcasting skill increases to level 5!
There is a stone staircase leading up here.
You reach down and open the door.
Duvessa and Dowan come into view.
There is an open door here.
The helpless Dowan fails to defend himself.
You hit Dowan.
Your weapon exudes an aura of protection.
Dowan is moderately wounded.
Dowan hits you but does no damage.
You hit Dowan.
Dowan is moderately wounded.
Dowan hits you with a +0 dagger.
You hit Dowan.
Dowan is heavily wounded.
Dowan casts a spell at you. The puff of frost hits you.
Duvessa shouts!
You miss Dowan.
Dowan is heavily wounded.
Dowan hits you but does no damage.
You closely miss Dowan.
Dowan is heavily wounded.
Dowan barely misses you.
Casting: Shock (safe; 1% risk of failure)
Confirm with . or Enter, or press ? or * to list all spells.
Duvessa is struck by an arc of lightning.
Duvessa is lightly wounded.
You are struck by an arc of lightning.
Duvessa is struck by an arc of lightning!
Duvessa is moderately wounded.
Dowan is struck by an arc of lightning!
Dowan is severely wounded.
The lightning grounds out.
Duvessa hits you with a +0 short sword! Dowan hits you with a +0 dagger.
* * * LOW HITPOINT WARNING * * *
Casting: Static Discharge (safe; 2% risk of failure)
Confirm with . or Enter, or press ? or * to list all spells.
Dowan is struck by an arc of lightning!
You kill Dowan!
Duvessa screams in rage.
Duvessa goes berserk!
You are struck by an arc of lightning.
* * * LOW HITPOINT WARNING * * *
Duvessa is struck by an arc of lightning!
Duvessa is heavily wounded.
The lightning grounds out.
Duvessa is struck by an arc of lightning.
Duvessa is heavily wounded.
You are struck by an arc of lightning.
* * * LOW HITPOINT WARNING * * *
The lightning grounds out.
* * * LOW HITPOINT WARNING * * *
Duvessa hits you with a +0 short sword!
* * * LOW HITPOINT WARNING * * *
Duvessa closely misses you.
You have reached level 8!
You feel clever.
Casting: Static Discharge (safe; 2% risk of failure)
Confirm with . or Enter, or press ? or * to list all spells.
Duvessa is struck by an arc of lightning!
Duvessa is severely wounded.
You are struck by an arc of lightning.
* * * LOW HITPOINT WARNING * * *
Duvessa is struck by an arc of lightning.
Duvessa is almost dead.
You are struck by an arc of lightning.
* * * LOW HITPOINT WARNING * * *
The lightning grounds out.
* * * LOW HITPOINT WARNING * * *
Duvessa hits you with a +0 short sword.
* * * LOW HITPOINT WARNING * * *
Aiming: Shock (safe; 1% risk of failure)
Press: ? - help, Q - select action, (/) - cycle Shift-Dir - straight line, f - Duvessa
Aim: Duvessa, wielding a +0 short sword and wearing a +0 leather armour (almost dead, berserk, 77% to hit)
The zap hits Duvessa!
Duvessa is almost dead.
* * * LOW HITPOINT WARNING * * *
Duvessa hits you with a +0 short sword!
You die...

..#......#.#.###............###..
..#......#.#. .............'....
###......#.# ########......###..
..##.....#.# #⌠8⌠# #..#.### #..
##.#.....#.# #...+ #..#.# ####
..###+#.##.#..#...# #..... ....
### ......#...+ #.##.## #### ..##
####....#)e.# #..... .... ##.#
#.......##@#####.#### ##.. ..##
#.#..............# #.. ### #
#.#.......#..##### #..
..###.#....#.#.....##### #..
##.##.#......#..(....... .# #..
..##.........###.########.# #..
#####.#.##.....(........#.# ####
..###.#.##....##..#####.#.####...
##.##.#.##....#.....###.#.#..+...


You could see Duvessa (berserk).

Vanquished Creatures
  Sigmund (D:4)
  An ice beast (D:5)
  A scorpion (D:5)
  Dowan (D:5)
  3 hounds
  4 iguanas
  5 adders
  2 worms
  2 dart slugs
  5 orcs
  10 endoplasms
  3 giant cockroaches
  9 goblins
  9 hobgoblins
  5 quokkas
  7 ball pythons
  6 bats
  3 frilled lizards
  7 kobolds
  7 rats
91 creatures vanquished.

Vanquished Creatures (others)
  5 toadstools (D:1)
5 creatures vanquished.

Grand Total: 96 creatures vanquished

Notes
Turn   | Place    | Note
-------+----------+-------------------------------------------
     0 | D:1      | RascalDebosk the Djinni Air Elementalist began the quest
                  | for the Orb.
     0 | D:1      | RascalDebosk set off with the following spells memorised:
                  | Shock, Static Discharge, Swiftness, Airstrike.
     0 | D:1      | Reached XP level 1. HP: 15/15 MP: 0/0
   212 | D:1      | Reached XP level 2. HP: 19/22 MP: 0/0
  1141 | D:1      | Reached XP level 3. HP: 22/26 MP: 0/0
  1141 | D:1      | Learned a level 1 spell: Sandblast
  1252 | D:1      | Reached skill level 1 in Armour
  1303 | D:1      | Reached skill level 1 in Fighting
  1973 | D:2      | Identified the +1 robe "Mozaphui" {Str+5}
  2053 | D:2      | Reached skill level 3 in Spellcasting
  2648 | D:2      | Reached XP level 4. HP: 16/32 MP: 0/0
  2826 | D:2      | Found a faded altar of an unknown god.
  3529 | D:3      | Reached XP level 5. HP: 3/38 MP: 0/0
  3529 | D:3      | Learned a level 2 spell: Wereblood
  4499 | D:4      | Noticed lonewolfV2's ghost (amateur MiFi)
  4500 | D:4      | Found a runed translucent door.
  4905 | D:4      | Reached XP level 6. HP: 39/45 MP: 0/0
  5152 | D:4      | Reached skill level 4 in Spellcasting
  5302 | D:4      | Noticed Sigmund
  5308 | D:4      | Killed Sigmund
  5309 | D:4      | Reached XP level 7. HP: 41/50 MP: 0/0
  5309 | D:4      | Learned a level 2 spell: Call Imp
  5592 | D:5      | Entered Level 5 of the Dungeon
  6401 | D:5      | Reached skill level 5 in Spellcasting
  6475 | D:5      | Noticed Duvessa
  6475 | D:5      | Noticed Dowan
  6483 | D:5      | Killed Dowan
  6484 | D:5      | Reached XP level 8. HP: 14/58 MP: 0/0
  6485 | D:5      | Mangled by Duvessa

Illustrated notes

Levels and vault maps discovered:
D:1:      ldierk_walled_garden, layout_loops_ring, serial_forest,
          infiniplex_forest_clump_C, infiniplex_forest_pool,
          infiniplex_forest_fountain, infiniplex_forest_straight_2,
          infiniplex_forest_straight_2
D:2:      layout_basic, nicolae_ecumenical_snake_handling,
          amcnicky_mini_pool_small
D:3:      layout_loops_ring, nicolae_figureground_sparkle
D:4:      layout_cave_pods, hellmonk_ghost_happy_afterlife, uniq_sigmund
D:5:      dreamdust_elfheim, layout_basic, grunt_decor_resistance,
          uniq_eustachio

Skill      XL: |  1  2  3  4  5  6  7 |
---------------+----------------------+-----
Armour         | 1 2 3 |  3.8
Fighting       | 1 2 3 |  3.8
Spellcasting   | 3 4 5 |  5.0
Dodging        | |  2.1
Stealth        | |  1.5

Action                   |  1- 3 |  4- 6 |  7- 9 || total
-------------------------+-------+-------+-------++-------
Melee: Dagger            |       |     3 |     5 ||     8
 Cast: Shock             |    89 |    99 |    44 ||   232
       Static Discharge  |     2 |     1 |     7 ||    10
       Airstrike         |       |     3 |       ||     3
       Sandblast         |       |       |     1 ||     1
  Use: Scroll            |       |     5 |       ||     5
 Stab: Sleeping          |       |       |     1 ||     1
Armor: Robe              |     4 |     1 |     6 ||    11
Dodge: Dodged            |    13 |    13 |     6 ||    32
